Map: Base du roi Sejong EC

Players

Rapsenshtils - Winner!

  • Race: Terran Terran
  • League: Gold
  • Spawn Location: 11:00

zidar

  • Race: Zerg Zerg
  • League: Gold
  • Spawn Location: 5:00

VOD

Have the link to the VOD?

Description

Time

  • Played on: June 14, 2016, 11:11 a.m.
  • Length: 16:20
Show
View Real Time Build Order
Export as new Build Order

Rapsenshtils Terran - Winner!

Build Orders:  

Get SALT Encoding   

  12  0:00  SCV  
  13  0:13  SCV  
  14  0:22  Supply Depot  
  14  0:25  SCV  
  15  0:37  Refinery  
  15  0:43  SCV  
  15  0:46  Barracks  
  16  0:56  SCV  
  17  1:09  SCV  
  18  1:21  SCV  
  19  1:33  Supply Depot  
  19  1:34  Marine  
  20  1:41  Factory  
  20  1:57  Command Center  
  20  1:59  Marine  
  21  2:11  Orbital Command  
  21  2:24  Factory Reactor  
  21  2:29  Marine, Refinery  
  22  2:41  SCV  
  23  2:48  Marine  
  24  3:01  Hellion x2  
  28  3:08  SCV  
  29  3:12  Supply Depot  
  29  3:18  Supply Depot  
  29  3:21  Marine, Barracks  
  30  3:32  Orbital Command  
  30  3:35  SCV  
  31  3:45  Starport  
  31  3:51  Factory Tech Lab  
  29  4:13  Orbital Command  
  29  4:23  Siege Tank  
  32  4:25  Barracks Reactor  
  32  4:39  SCV x2  
  32  4:41  Bunker  
  34  4:51  Barracks Tech Lab, SCV x2, Medivac  
  34  4:52  Medivac  
  40  5:03  Engineering Bay  
  40  5:06  Siege Tank  
  43  5:19  SCV x2  
  45  5:24  Supply Depot  
  45  5:27  Marine x2  
  47  5:31  Barracks, SCV  
  47  5:32  SCV  
  47  5:35  Barracks  
  49  5:48  Combat Shield  
  49  5:53  Medivac x2  
  53  6:01  SCV x2  
  55  6:07  Marine x3  
  58  6:12  Terran Infantry Weapons Level 1  
  58  6:13  SCV x2  
  57  6:25  Marine x2  
  52  6:41  Liberator x2  
  52  6:43  Barracks Reactor x2  
  51  6:48  SCV x2  
  53  7:00  SCV x2  
  61  7:03  Refinery  
  61  7:05  Refinery  
  61  7:10  Missile Turret  
  61  7:16  Marine  
  61  7:17  Marine x2  
  61  7:19  Marine x4  
  68  7:27  Supply Depot x2  
  68  7:28  Liberator  
  68  7:34  Marine x2  
  70  7:41  Marine x5  
  77  7:49  Widow Mine  
  77  7:51  SCV x2, Supply Depot  
  82  7:52  Marine x2  
  84  7:59  Marine  
  84  8:00  Missile Turret  
  84  8:02  Marine x3  
  84  8:03  Marine, SCV x2  
  91  8:05  Stimpack  
  91  8:08  Terran Infantry Armor Level 1  
  91  8:10  Marine x2  
  93  8:15  Supply Depot  
  93  8:17  Marine  
  70  8:38  Supply Depot  
  70  8:40  Marine x7  
  75  8:58  Marine x5  
  77  9:32  Siege Tank  
  80  9:39  Marine x4, Marauder  
  80  9:40  Marine x2  
  80  9:42  Medivac x2  
  92  9:54  Missile Turret  
  92  10:02  Armory, Command Center  
  92  10:05  Siege Tank, Engineering Bay  
  95  10:54  Barracks  
  95  10:57  Barracks  
  95  10:58  Barracks  
  95  11:00  Barracks  
  80  11:49  Liberator x2  
  79  12:02  Barracks Tech Lab x3  
  79  12:03  Barracks Tech Lab  
  85  12:09  Siege Tank  
  85  12:12  Marine  
  85  12:13  Marauder  
  85  12:14  Marine x5  
  96  12:24  Marauder x4  
  104  12:30  Marine  
  104  12:32  Marine x2  
  104  12:35  Marauder  
  109  12:45  Marauder x3  
  109  12:49  Terran Infantry Weapons Level 2, Medivac x2  
  109  12:50  Terran Infantry Armor Level 2  
  119  12:54  Supply Depot x2  
  119  12:56  Marauder  
  121  13:07  Liberator  
  121  13:08  Liberator  
  121  13:17  Marauder  
  129  13:40  Refinery  
  129  13:42  Refinery  
  129  13:44  Marauder x5  
  129  13:45  Marine x2  
  129  13:46  Marine x4  
  145  13:57  Concussive Shells  
  147  14:03  Marine x3  
  147  14:04  Terran Vehicle And Ship Armor Level 1  
  147  14:05  Marauder x3  
  147  14:08  Widow Mine  
  156  14:10  Supply Depot  
  156  14:15  Supply Depot  
  156  14:22  Marauder  
  160  14:36  Widow Mine  
  160  14:57  Marine x5  
  160  14:59  Marauder x5  
  177  15:00  Marine  
  177  15:05  Widow Mine  
  178  15:20  Marauder x3  
  186  15:33  Widow Mine  
Show
View Real Time Build Order
Export as new Build Order

zidar Zerg 

Build Orders: Pool First 

Get SALT Encoding   

  12  0:02  Drone  
  13  0:12  Overlord  
  13  0:17  Drone  
  14  0:30  Drone x2  
  16  0:43  Spawning Pool  
  16  0:46  Drone  
  16  1:10  Hatchery  
  15  1:13  Drone  
  15  1:16  Extractor  
  15  1:19  Drone  
  15  1:24  Drone  
  17  1:35  Queen  
  19  1:43  Drone  
  20  1:50  Overlord  
  19  2:02  Drone  
  19  2:07  Drone  
  21  2:11  Queen  
  23  2:16  Metabolic Boost  
  23  2:21  Drone  
  23  2:22  Drone  
  25  2:34  Drone x3  
  28  2:41  Zergling x2  
  29  2:51  Zergling x2  
  29  2:53  Zergling x2  
  31  2:58  Drone x2  
  31  2:59  Drone  
  34  3:08  Roach Warren  
  33  3:26  Extractor, Drone x2  
  33  3:27  Drone x2  
  36  3:46  Overlord x3  
  35  4:19  Roach  
  35  4:20  Roach x8  
  53  4:25  Drone x2  
  53  4:26  Drone  
  53  4:29  Drone x3  
  59  4:44  Ravager  
  60  4:46  Overlord  
  60  4:47  Overlord x3  
  62  5:07  Roach x8  
  62  5:10  Ravager x2  
  78  5:17  Extractor  
  77  5:37  Drone x4  
  77  5:38  Drone  
  53  6:42  Roach  
  53  6:43  Roach x13  
  78  6:47  Lair  
  78  6:49  Drone  
  79  7:05  Ravager x5  
  84  7:09  Roach x3  
  90  7:23  Roach, Overlord  
  90  7:24  Overlord x3  
  90  7:25  Overlord  
  92  7:55  Hatchery  
  92  7:56  Roach  
  92  7:57  Roach x9  
  111  8:18  Hatchery  
  63  8:44  Roach x10  
  83  8:51  Drone x6  
  89  8:58  Ravager x4  
  93  9:03  Extractor  
  93  9:09  Ravager x2  
  81  9:28  Drone  
  81  9:29  Drone x5  
  81  9:30  Drone  
  81  9:31  Drone x4  
  92  9:35  Queen  
  92  9:37  Drone x3  
  99  10:00  Drone x7  
  99  10:04  Extractor  
  103  10:07  Extractor  
  102  10:18  Evolution Chamber  
  101  10:23  Evolution Chamber  
  101  10:25  Queen  
  101  10:26  Infestation Pit  
  101  10:45  Drone x10  
  111  10:53  Roach x5  
  121  10:57  Zerg Ground Armor Level 1  
  121  11:00  Zerg Missile Weapons Level 1  
  121  11:03  Hive  
  121  11:08  Roach x7  
  109  11:31  Drone x7  
  98  11:56  Drone x3  
  101  12:07  Drone x7  
  108  12:23  Hatchery, Drone x3  
  110  12:32  Spawning Pool  
  110  12:35  Drone  
  110  12:36  Drone x3  
  113  12:45  Extractor  
  113  12:50  Extractor  
  111  12:56  Zerg Ground Armor Level 2, Ultralisk Cavern  
  111  12:57  Zerg Missile Weapons Level 2  
  110  13:07  Drone x2  
  110  13:08  Drone x3  
  110  13:09  Drone  
  116  13:23  Roach x6  
  116  13:24  Roach x5  
  138  13:28  Glial Reconstitution  
  138  13:34  Queen x2, Overlord  
  138  13:35  Overlord x2  
  142  13:46  Overlord x2  
  142  13:47  Overlord  
  142  13:50  Chitinous Plating  
  142  13:52  Adrenal Glands  
  142  13:57  Roach x7  
  156  14:23  Ravager x9  
  165  14:40  Drone  
  166  14:48  Ultralisk x2  
  178  15:11  Ultralisk  
Tags
 
Add a new tag
Caveats
  • Supply blocks, unpowered buildings, or Contaminate may cause inaccurate times.
  • Supply counts are checked every 10 seconds.